 Dungeon Crawl Stone Soup version 0.30-a0-930-gb9d0489357 (webtiles) character file.

Game seed: 6303623487433131395

133 Dirtsage the Chopper (level 4, -1/35 HPs)
             Began as a Demonspawn Fighter on Mar 23, 2023.
             Slain by Crazy Yiuf
             ... wielding a +4 quarterstaff of chaos
              (16 damage)
             ... on level 3 of the Dungeon.
             The game lasted 00:03:39 (2275 turns).

Dirtsage the Chopper (Demonspawn Fighter)           Turns: 2275, Time: 00:03:40

Health: -1/35      AC:  7    Str: 18    XL:     4   Next: 94%
Magic:  4/4        EV:  9    Int: 10    God:
Gold:   100        SH: 12    Dex: 12    Spells: 3/3 levels left

rFire   . . .      SeeInvis .    a - +0 war axe
rCold   . . .      Faith    .    c - +0 buckler
rNeg    . . .      Spirit   .    b - +0 scale mail
rPois   .          Reflect  .    p - +0 helmet
rElec   .          Rampage  .    (no cloak)
rCorr   .                        (no gloves)
Will    .....                    (no boots) Stlth
                                 (no amulet)
HPRegen 0.25/turn                (no ring)
MPRegen 0.09/turn                (no ring)

@: no status effects
A: hooves 1, large bone plates 1, condensation shield
a: no special abilities


You were on level 3 of the Dungeon.
You visited 1 branch of the dungeon, and saw 3 of its levels.

You collected 100 gold pieces.

Inventory:

Hand Weapons
 a - a +0 war axe (weapon)
Armour
 b - a +0 scale mail (worn)
 c - a +0 buckler (worn)
 p - a +0 helmet (worn)
Jewellery
 k - a ring of magical power
Scrolls
 e - 2 scrolls of amnesia {unknown}
 g - a scroll of magic mapping {unknown}
 i - 3 scrolls of identify {unknown}
 m - a scroll of teleportation {unknown}
 o - 2 scrolls of brand weapon {unknown}
 q - a scroll of vulnerability {unknown}
Potions
 d - a potion of might
 f - a potion of resistance {unknown}
 h - a potion of brilliance {unknown}
 j - 2 potions of invisibility {unknown}
 l - 3 potions of heal wounds
 n - 4 potions of curing {unknown}
 r - 2 potions of cancellation {unknown}


   Skills:
 - Level 3.0 Fighting
 + Level 4.7 Axes
 - Level 2.6 Armour
 - Level 2.6 Shields


You had 3 spell levels left.
You didn't know any spells.
Your spell library was empty.

Dungeon Overview and Level Annotations

Branches:
Dungeon (3/15)

Altars:

Annotations:
D:1 2 transporters
D:3 Crazy Yiuf


Innate Abilities, Weirdness & Mutations

You have large cloven feet.
You are partially covered in large bone plates. (SH +4)
A meltable shield of frost defends you. (SH +4)


Message History

You slash the orc!
You kill the orc!
No target in view!
Items here: )) [ †.
q - a scroll labelled IREXTI UC JUN Health restored: 35
n - 4 murky purple potions (gained 1)
A worm comes into view.
A worm is nearby!
You slash the worm! You kick the worm.
The worm is severely wounded.
You block the worm's attack.
You slash the worm! Your kick misses the worm.
The worm is almost dead.
The worm bites you.
You take 6 damage, and have 29/35 hp.
You slash the worm!
You kill the worm!
No target in view!
You see here a worm corpse.
r - 2 black potions Health restored: 35 As you open the door, it creaks loudly!
Crazy Yiuf says, "Goober snail pizzabubble!"
You have nothing you can fire or use right now.
You aren't carrying any items that you can evoke.
Unknown command.
You hit Crazy Yiuf.
Crazy Yiuf is moderately wounded.
You block Crazy Yiuf's attack.
Crazy Yiuf hits you with a +4 quarterstaff of chaos!
Crazy Yiuf freezes you.
You take 21 damage, and have 14/35 hp.
MASSIVE DAMAGE!!
You barely miss Crazy Yiuf. You kick Crazy Yiuf, but do no damage.
Crazy Yiuf is moderately wounded.
You block Crazy Yiuf's attack.
You barely miss Crazy Yiuf. Your kick misses Crazy Yiuf.
Crazy Yiuf is moderately wounded.
Crazy Yiuf hits you with a +4 quarterstaff of chaos!
You die...

# ###.###.#
#.# #.### ####
########...###
### #.# #
#.......####
#.# #
#.#####.##.#
##### ##.# #
#..## #.#..#
#..)# #))# #
#...###....#
#...#
#..#########
...........#
...
#...........
#...###....#
#g#
#..#########
#...###.#..#
♣♣@♣ #..#
........##.#
♣.♣♣ ##.#
........####
♣♣.♣ #.##
.#..##.## ♣.♣♣
#..# .#.###.#
♣♣.♣♣ ##.#
.#.# #.# ###
♣...♣♣ #.#
.#.###.# #.#
♣....♣ #.#
.......# #.#
#....# #.#
##.###.# #.#
##..#######.#


You could see Crazy Yiuf.

Vanquished Creatures
  Terence (D:2)
  A gnoll (D:1)
  4 adders
  2 worms (D:3)
  3 dart slugs
  5 orcs (D:3)
  6 ball pythons
  4 bats
  2 endoplasms
  2 giant cockroaches
  6 goblins
  3 hobgoblins
  4 frilled lizards
  2 kobolds
  3 rats
48 creatures vanquished.

Notes
Turn   | Place    | Note
-------+----------+-------------------------------------------
     0 | D:1      | Dirtsage the Demonspawn Fighter began the quest for the
                  | Orb.
     0 | D:1      | Reached XP level 1. HP: 18/18 MP: 1/1
    20 | D:1      | Reached skill level 2 in Axes
    25 | D:1      | Gained mutation: A meltable shield of frost defends you.
                  | (SH +4) [demonic ancestry]
    25 | D:1      | Reached XP level 2. HP: 10/24 MP: 2/2
   180 | D:1      | Reached skill level 3 in Axes
   560 | D:2      | Gained mutation: You have large cloven feet. [demonic
                  | ancestry]
   560 | D:2      | Reached XP level 3. HP: 29/29 MP: 3/3
   997 | D:2      | Noticed Terence
  1005 | D:2      | Killed Terence
  1006 | D:2      | Reached skill level 4 in Axes
  1006 | D:2      | Gained mutation: You are partially covered in large bone
                  | plates. (SH +4) [demonic ancestry]
  1006 | D:2      | Reached XP level 4. HP: 5/35 MP: 4/4
  1542 | D:3      | Found a runed translucent door.
  1543 | D:3      | Noticed Crazy Yiuf
  1996 | D:3      | Identified the +1 robe of Sutreowku {rElec}
  2275 | D:3      | Slain by Crazy Yiuf

Illustrated notes

Levels and vault maps discovered:
D:1:      spicycebolla_arrival_transporter_tutorial, layout_rooms
D:2:      layout_loops_cross, st_stairs_8, minmay_misc_feat_square, uniq_terence
D:3:      layout_loops_corners, mainiacjoe_overflow_alcove_4,
          uniq_crazy_yiuf_cottage

Skill      XL: |  1  2  3 |
---------------+----------+-----
Axes           | 2 3 4 |  4.7
Fighting       | |  3.0
Armour         | |  2.6
Shields        | |  2.6

Action                     |  1- 3 |  4- 6 || total
---------------------------+-------+-------++-------
  Melee: War axe           |    61 |    67 ||   128
         Kick              |    10 |    11 ||    21
    Use: Potion            |     1 |       ||     1
 Armour: Scale mail        |    31 |    12 ||    43
  Dodge: Dodged            |    23 |    15 ||    38
  Block: Buckler           |    23 |    44 ||    67

Table legend: (Time is in decaauts)
 A = Elapsed time spent in this place.
 B = Non-inter-level travel time spent in this place.
 C = Inter-level travel time spent in this place.
 D = Time resting spent in this place.
 E = Time spent auto-exploring this place.
 F = Levels seen in this place.
 G = Mean time per level.
                   A        B        C        D        E       F      G
               +--------+--------+--------+--------+--------+-----+--------+
         Total |   2323 |   2238 |     85 |      0 |   1898 |   3 |  774.3 |
       Dungeon |   2323 |   2238 |     85 |      0 |   1898 |   3 |  774.3 |
               +--------+--------+--------+--------+--------+-----+--------+

Top non-repeatable levels by time:
     D:3: 1031 daAuts
     D:2: 731 daAuts
     D:1: 560 daAuts
